 Dungeon Crawl Stone Soup version 0.26-a0-487-gbff1e92 (webtiles) character file.

Game seed: 8457547810496090433

49 Illumine the Chiller (level 3, 0/20 HPs)
             Began as a Deep Elf Ice Elementalist on Aug 1, 2020.
             Killed from afar by an orc wizard (12 damage)
             ... with a magic dart
             ... on level 3 of the Dungeon.
             The game lasted 00:03:17 (1962 turns).

Illumine the Chiller (Deep Elf Ice Elementalist)    Turns: 1962, Time: 00:03:18

Health: 0/20       AC:  2    Str:  5    XL:     3   Next: 51%
Magic:  7/10       EV: 13    Int: 20    God:
Gold:   97         SH:  0    Dex: 15    Spells: 2/9 levels left

rFire    . . .     SeeInvis .   b - +0 hunting sling
rCold    . . .     Faith    .   (no shield)
rNeg     + . .     Spirit   .   n - +0 robe
rPois    +         Reflect  .   (no helmet)
rElec    .         Harm     .   (no cloak)
rCorr    .                      (no gloves)
MR       .....                  (no boots)
Stlth    +.........             (no amulet)
HPRegen  0.06/turn              i - ring of positive energy
MPRegen  0.12/turn              f - ring of poison resistance

@: confused
A: no striking features
a: no special abilities


You were on level 3 of the Dungeon.
You visited 1 branch of the dungeon, and saw 3 of its levels.

You collected 97 gold pieces.

Inventory:

Hand Weapons
 a - a +2 trident of freezing
 b - a +0 hunting sling (weapon)
Missiles
 e - 29 stones
 g - 7 boomerangs
 k - 56 sling bullets (quivered)
Armour
 n - a +0 robe (worn)
Jewellery
 f - a ring of poison resistance (right hand)
 i - a ring of positive energy (left hand)
Scrolls
 d - 4 scrolls of identify {unknown}
 l - 3 scrolls of teleportation {unknown}
Potions
 h - a potion of resistance {unknown}
 j - a potion of degeneration {unknown}
 m - a potion of curing {unknown}


   Skills:
 + Level 1.1 Fighting
 + Level 3.1 Dodging
 - Level 2.5 Stealth
 + Level 3.6 Spellcasting
 + Level 4.8 Ice Magic


You had 2 spell levels left.
You knew the following spells:

 Your Spells              Type           Power        Failure   Level
a - Freeze                Ice            ###.         1%          1
b - Frozen Ramparts       Ice            ###...       5%          3
c - Ozocubu's Armour      Ice            ###.....     5%          3

Your spell library contained the following spells:

 Spells                   Type           Power        Failure   Level
 Hailstorm                Conj/Ice       ##......     45%         4
 Summon Ice Beast         Ice/Summ       ##......     45%         4


Dungeon Overview and Level Annotations

Branches:
Dungeon (3/15)

Altars:
Zin


Message History

You are confused.
You bump into the rock wall.
The orc wizard casts a spell at you. You resist with some effort.
You bump into the rock wall.
An orc comes into view. It is wielding a +0 mace.
The orc shouts!
The wall freezes the orc wizard.
The wall freezes the orc wizard.
The orc wizard gestures at you while chanting.
You are more confused.
You hear a shout!
An orc comes into view. It is wielding a +0 dagger.
The wall freezes the orc wizard.
The wall freezes the orc.
The frozen ramparts melt away.
You're too confused to cast spells.
The orc wizard points at you and mumbles some strange words.
The magic dart hits you!
Ouch! That really hurt!
You die...

#.#.##.#..........
#.#....#.#.#.##### #
#.#......#.#.#
#.##.#.######.#.#
#........# #.#.#
#########...#.# #.#.#
...........#.....#.#.#
##########.#######.#.#
#......@o..........#
#.######)#########.#
#o# #.# #o# #.# #.#
#.# ........# #.#
##....... #.#
#....(... #.#
..##.....(. #.#


You could see an orc wizard and 2 orcs.

Vanquished Creatures
  An adder (D:3)
  2 oozes (D:1)
  A worm (D:2)
  A dart slug (D:1)
  An orc (D:3)
  2 giant cockroaches
  7 goblins
  2 hobgoblins (D:1)
  A kobold (D:1)
  A bat (D:1)
  3 frilled lizards (D:2)
  5 rats
27 creatures vanquished.

Notes
Turn   | Place    | Note
-------+----------+-------------------------------------------
     0 | D:1      | Illumine the Deep Elf Ice Elementalist began the quest for
                  | the Orb.
     0 | D:1      | Reached XP level 1. HP: 10/10 MP: 6/6
   401 | D:1      | Reached XP level 2. HP: 16/16 MP: 6/8
  1265 | D:2      | Reached XP level 3. HP: 20/20 MP: 7/9
  1270 | D:2      | Learned a level 3 spell: Frozen Ramparts
  1473 | D:2      | Reached skill level 1 in Fighting
  1474 | D:2      | Upgraded the game from 0.26-a0-479-g81d34b6 to
                  | 0.26-a0-487-gbff1e92
  1498 | D:2      | Found a glowing silver altar of Zin.
  1883 | D:3      | Learned a level 3 spell: Ozocubu's Armour
  1962 | D:3      | Killed from afar by an orc wizard

Illustrated notes

Levels and vault maps discovered:
D:1:      zelgadis_glass_arrival_small, layout_basic
D:2:      layout_basic, nicolae_overflow_hidden_temple
D:3:      layout_basic

Skill      XL: |  1  2  3 |
---------------+----------+-----
Dodging        | 3 |  3.1
Fighting       | 1 |  1.1
Stealth        | |  2.5
Spellcasting   | |  3.6
Ice Magic      | |  4.8

Action                   || total
-------------------------++-------
 Fire: Hunting sling     ||    14
 Cast: Freeze            ||    37
       Frozen Ramparts   ||     3
Armor: Robe              ||     7
Dodge: Dodged            ||    12

Table legend: (Time is in decaauts)
 A = Elapsed time spent in this place.
 B = Non-inter-level travel time spent in this place.
 C = Inter-level travel time spent in this place.
 D = Time resting spent in this place.
 E = Time spent auto-exploring this place.
 F = Levels seen in this place.
 G = Mean time per level.
                   A        B        C        D        E       F      G
               +--------+--------+--------+--------+--------+-----+--------+
         Total |   1960 |   1935 |     25 |    424 |   1237 |   3 |  653.3 |
       Dungeon |   1960 |   1935 |     25 |    424 |   1237 |   3 |  653.3 |
               +--------+--------+--------+--------+--------+-----+--------+

Top non-repeatable levels by time:
     D:1: 989 daAuts
     D:2: 797 daAuts
     D:3: 173 daAuts
